 Dungeon Crawl Stone Soup version 0.19.1-1-g22dce08 (webtiles) character file.

42 Lahna the Skirmisher (level 3, -1/30 HPs)
             Began as a Formicid Abyssal Knight on Jan 20, 2017.
             Was a Follower of Lugonu.
             Slain by a worm (6 damage)
             ... on level 2 of the Dungeon.
             The game lasted 00:04:47 (1419 turns).

Lahna the Skirmisher (Formicid Abyssal Knight)      Turns: 1419, Time: 00:04:48

Health: -1/30      AC:  6    Str: 17    XL:     3   Next: 77%
Magic:  4/4        EV: 11    Int: 11    God:    Lugonu [*.....]
Gold:   160        SH:  0    Dex: 10    Spells: 0 memorised, 2 levels left

rFire  . . .     SeeInvis +     a - +1 mace
rCold  . . .     Gourm    .     d - +0 ring mail
rNeg   . . .     Faith    .     (no shield)
rPois  .         Spirit   .     (helmet unavailable)
rElec  .         Reflect  .     (no cloak)
rCorr  .         Harm     .     (no gloves)
MR     .....                    (no boots)
Stlth  ..........               (no amulet)
                                (no ring)
                                p - +1 ring of protection

@: no status effects
A: permanent stasis, dig shafts and tunnels, four strong arms, antennae 3
a: Dig, Shaft Self, Depart the Abyss, Renounce Religion


You were on level 2 of the Dungeon.
You worshipped Lugonu.
Lugonu was aware of your devotion.
You were not hungry.

You visited 1 branch of the dungeon, and saw 2 of its levels.
You visited the Abyss 1 time.

You collected 160 gold pieces.

Inventory:

Hand Weapons
 a - a +1 mace (weapon)
Armour
 d - a +0 ring mail (worn)
Jewellery
 p - a +1 ring of protection (left hand)
Scrolls
 e - 3 scrolls of remove curse
 h - a scroll of fog {unknown}
 j - 2 scrolls of noise {unknown}
 k - a scroll of teleportation {unknown}
 o - 2 scrolls of identify {unknown}
Potions
 b - a potion of curing {unknown}
 f - a potion of brilliance {unknown}
 g - a potion of might {unknown}
 l - a potion of lignification {unknown}
 n - a potion of haste {unknown}
Comestibles
 c - 3 bread rations
 i - 2 meat rations
 m - 3 chunks of flesh


   Skills:
 - Level 4.0 Fighting
 - Level 2.0 Maces & Flails
 + Level 2.6 Armour
 - Level 2.0 Dodging
 - Level 2.1 Invocations


You had 2 spell levels left.
You didn't know any spells.

Dungeon Overview and Level Annotations

Branches:
Dungeon (2/15)

Altars:


Innate Abilities, Weirdness & Mutations

You are under a permanent stasis effect.
You can dig through walls and to a lower floor.
Your four strong arms can wield two-handed weapons with a shield.
You have a pair of large antennae on your head. (SInv)


Message History

You hit the worm.
The worm is moderately wounded.
The worm bites you.
* * * LOW HITPOINT WARNING * * *
You hit the worm.
The worm is heavily wounded.
The worm closely misses you.
You barely miss the worm.
The worm is heavily wounded.
You barely miss the worm.
The worm is heavily wounded.
The worm bites you but does no damage.
You hit the worm.
The worm is heavily wounded.
The worm bites you.
* * * LOW HITPOINT WARNING * * *
You hit the worm.
The worm is severely wounded.
The worm bites you.
You die...

# #######.# #.####.# #.#
# #.....#.# #.#..#.# #.#
+ #.......###.#..#.# #.#
# ##.............#.# #.#
## ##.#..#........#.# #.#
.# # #...............>#
#.# ## .##
##.##.#.#..#.#.#####.# #
##.##
#.....<...#.........# #
#.P.##
#####@####....(####### #
#.P..# #....w.......###
#....# #............#
#####..########......####
..................≈≈≈#
######..####..#..≈≈≈≈≈≈≈
#............P≈P≈≈≈≈≈
#.###.###....≈≈≈≈≈≈##
####.# #.###.P.≈≈P≈P≈##


You could see a worm.

Vanquished Creatures
  2 oozes
  A worm (D:2)
  A leopard gecko (D:1)
  2 ball pythons (D:2)
  6 bats (D:1)
  A giant cockroach (D:2)
  5 goblins
  2 hobgoblins (D:1)
  4 kobolds
  A frilled lizard (D:2)
  2 rats (D:1)
27 creatures vanquished.

Notes
Turn   | Place    | Note
-------+----------+-------------------------------------------
     0 | Abyss:1  | Lahna the Formicid Abyssal Knight began the quest for the Orb.
     0 | Abyss:1  | Reached XP level 1. HP: 18/18 MP: 2/2
    25 | Abyss:1  | Found a corrupted altar of Lugonu.
    67 | Abyss:1  | Noticed a hell hog
    68 | Abyss:1  | Noticed a hellwing
   116 | Abyss:2  | Noticed a small abomination
   123 | D:1      | Escaped the Abyss
   261 | D:1      | Reached XP level 2. HP: 20/25 MP: 3/3
   325 | D:1      | Reached skill level 4 in Fighting
   331 | D:1      | Reached * piety under Lugonu
   342 | D:1      | Reached skill level 1 in Dodging
   449 | D:1      | Reached XP level 3. HP: 30/30 MP: 4/4
  1419 | D:2      | Slain by a worm

Skill      XL: |  1  2  3 |
---------------+----------+-----
Fighting       | 4 |  4.0
Dodging        | 1 2 |  2.0
Maces & Flails | |  2.0
Armour         | |  2.6
Invocations    | |  2.1

Action                   || total
-------------------------++-------
Melee: Mace              ||    96
Invok: Depart the Abyss  ||     1
  Use: Scroll            ||     1
  Eat: Chunk             ||     2
Armor: Ring mail         ||    56
Dodge: Dodged            ||    73
